 Dungeon Crawl Stone Soup version 0.27.1-4-g1640c2035a (webtiles) character file.

Game seed: 12518203786405411886

99796 Turgor the Arsonist (level 16, -25/140 HPs)
             Began as an Octopode Fire Elementalist on Nov 8, 2021.
             Was an Initiate of Gozag.
             Annihilated by a white very ugly thing (31 damage)
             ... on level 13 of the Dungeon on Nov 9, 2021.
             The game lasted 06:32:19 (35233 turns).

Turgor the Arsonist (Octopode Fire Elementalist)   Turns: 35233, Time: 06:32:20

Health: -25/140    AC: 28    Str: 14    XL:     16   Next: 26%
Magic:  12/40      EV: 11    Int: 24    God:    Gozag
Gold:   4807       SH:  0    Dex:  7    Spells: 2/38 levels left

rFire    + . .     SeeInvis .   d - +9 trident "Vimo" {venom, Will+ MP+9 Str+4}
rCold    . . .     Faith    .   (no shield)
rNeg     + + +     Spirit   .   W - +1 hat
rPois    ∞         Reflect  .   c - amulet of magic regeneration
rElec    +         Harm     .   i - ring of wizardry
rCorr    .         Rampage  .   x - ring of positive energy
Will     +++..                  y - ring of protection from cold
Stlth    +++.......             J - ring of poison resistance
HPRegen  0.33/turn              K - ring of Seriol {Wiz rElec rN+ Str+2 Dex-5}
MPRegen  0.52/turn              L - ring of fire
                                P - ring of willpower
                                Q - ring of flight

@: statue-form, flying, very slow
A: slow and powerful, torment resistance 1, boosted hp, almost no armour,
amphibious, 8 rings, camouflage 1, (gelatinous body 1), (nimble swimmer 1),
tentacles
a: End Transformation, Renounce Religion, Potion Petition, Call Merchant, Bribe
Branch


You were on level 13 of the Dungeon.
You worshipped Gozag.
Gozag was most pleased with you.
You were a living statue of rough stone.
You visited 4 branches of the dungeon, and saw 22 of its levels.
You also visited: Ice Cave and Volcano.

You collected 8494 gold pieces.
You spent 2174 gold pieces at shops.
You paid 1513 gold pieces to Gozag.

Inventory:

Hand Weapons
 b - a +4 vorpal broad axe
 d - the +9 trident "Vimo" (weapon) {venom, Will+ MP+9 Str+4}
   (You found it on level 4 of the Dungeon)

   It poisons the flesh of those it strikes.
   Str:       It affects your strength (+4).
   MP:        It affects your magic capacity (+9).
   Will:      It increases your willpower.
 h - a +5 dagger of holy wrath
 H - the +2 Maxwell's thermic engine {flame, freeze}
   (You took it off a necromancer in an ice cave)

   It burns those it strikes, dealing additional fire damage.
   Big, fiery blades are also staple armaments of hydra-hunters.
   It freezes those it strikes, dealing additional cold damage.
   It can also slow down cold-blooded creatures.
   It becomes more effective when it hits something.
   This effect fades over time.
Missiles
 j - 11 poisoned darts (quivered)
 t - 2 throwing nets
 z - a curare-tipped dart
 E - 4 silver boomerangs
Armour
 W - a +1 hat (worn)
Jewellery
 c - an amulet of magic regeneration (around mantle)
 i - a ring of wizardry (left tentacle)
 s - a ring of ice
 x - a ring of positive energy (right tentacle)
 y - a ring of protection from cold (on tentacle)
 J - a ring of poison resistance (on tentacle)
 K - the ring of Seriol (on tentacle) {Wiz rElec rN+ Str+2 Dex-5}
   (You bought it in a shop on level 11 of the Dungeon)

   [ring of wizardry]

   It improves your spell success rate.
   Str:       It affects your strength (+2).
   Dex:       It affects your dexterity (-5).
   rElec:     It insulates you from electricity.
   rN:        It protects you from negative energy.
 L - a ring of fire (on tentacle)
 P - a ring of willpower (on tentacle)
 Q - a ring of flight (on tentacle)
Wands
 I - a wand of iceblast (22)
 T - a wand of acid (10)
Scrolls
 f - 9 scrolls of blinking
 k - 4 scrolls of fog
 m - 2 scrolls of identify
 v - 5 scrolls of teleportation
 w - a scroll of silence
 B - 4 scrolls of amnesia
 N - 2 scrolls of fear
 O - 2 scrolls of magic mapping
 U - a scroll of brand weapon
Potions
 a - 4 potions of ambrosia
 e - 3 potions of mutation
 g - 5 potions of curing
 l - 2 potions of heal wounds
 o - a potion of resistance
 p - 2 potions of haste
 q - 5 potions of lignification
 A - a potion of berserk rage
 G - 2 potions of flight
 M - 3 potions of might
 S - a potion of invisibility
 V - 4 potions of brilliance
 Y - 2 potions of magic
Miscellaneous
 n - a phantom mirror


   Skills:
 + Level 9.4 Fighting
 + Level 7.1 Polearms
 - Level 2.0 Dodging
 + Level 5.2 Stealth
 * Level 11.8 Spellcasting
 * Level 12.2 Conjurations
 * Level 2.9 Necromancy
 * Level 9.9 Transmutations
 * Level 12.4 Fire Magic
 * Level 11.4 Earth Magic


You had 2 spell levels left.
You knew the following spells:

 Your Spells              Type           Power      Damage    Failure   Level
a - Foxfire               Conj/Fire      100%       2x1d9     1%          1
b - Bolt of Magma         Conj/Fire/Erth 41%        4d17      1%          5
c - Conjure Flame         Conj/Fire      83%        6-21      1%          3
d - Borgnjor's Vile Clut  Necr/Erth      24%        N/A       1%          5
f - Fireball              Conj/Fire      41%        3d17      1%          5
m - Mephitic Cloud        Conj/Pois/Air  33%        N/A       1%          3
p - Petrify               Tmut/Erth      60%        N/A       1%          4
q - Statue Form           Tmut/Erth      40%        N/A       2%          6
s - Sticky Flame          Conj/Fire      83%        2d9       1%          4

Your spell library contained the following spells:

 Spells                   Type           Power      Damage    Failure   Level
 Pain                     Necr           100%       1d9       1%          1
 Slow                     Hex            14%        N/A       1%          2
 Static Discharge         Conj/Air       43%        N/A       1%          2
 Ignite Poison            Fire/Tmut/Pois 66%        N/A       1%          3
 Inner Flame              Hex/Fire       60%        N/A       1%          3
 Vampiric Draining        Necr           14%        2d8       1%          3
 Hailstorm                Conj/Ice       43%        3d10      1%          4
 Ice Form                 Ice/Tmut       38%        N/A       1%          4
 Lightning Bolt           Conj/Air       21%        1d36      2%          5
 Confusing Touch          Hex            14%        N/A       3%          3
 Animate Dead             Necr           14%        N/A       3%          4
 Agony                    Necr           28%        N/A       11%         5
 Excruciating Wounds      Necr           14%        N/A       11%         5
 Metabolic Englaciation   Hex/Ice        7%         N/A       30%         5
 Death Channel            Necr           14%        N/A       45%         6
 Simulacrum               Ice/Necr       10%        N/A       63%         6
 Malign Gateway           Summ/Tloc      7%         N/A       100%        7
 Maxwell's Capacitive Co  Air            7%         ∞         100%        8
 Summon Horrible Things   Summ           7%         N/A       100%        8


Dungeon Overview and Level Annotations

Branches:
Dungeon (13/15)            Temple (1/1) D:7            Lair (6/6) D:10
  Swamp (0/4) Lair:3        Snake (0/4) Lair:4        Slime (0/5) Lair:6
    Orc (2/2) D:9             Elf (0/3) Orc:2         IceCv (visited)
Volcano (visited)
 Vaults: D:13-14

Altars:
Ashenzari
Cheibriados
Dithmenos
Elyvilon
Fedhas
Gozag
Hepliaklqana
Kikubaaqudgha
Makhleb
Nemelex Xobeh
Okawaru
Qazlal
Ru
Sif Muna
Trog
Uskayaw
Vehumet
Wu Jian
Xom
Yredelemnul
Zin
The Shining One
Beogh
Jiyva
Lugonu

Shops:
D:5 ?   D:8 (?   D:11 *=   Orc:1 *   Orc:2 =([*

Annotations:
Lair:1 2 transporters, Iclil's ghost, journeyman NaBe
Lair:2 Gastronok


Innate Abilities, Weirdness & Mutations

You are a living statue of rough stone.
Your actions are slow, but your melee attacks are powerful.
You are resistant to unholy torment.
Your maximum health is greatly increased.
You are immune to poison.
You cannot wear most types of armour.
You are amphibious.
You can wear up to eight rings at the same time.
Your skin changes colour to match your surroundings (Stealth+).
((Your rubbery body absorbs attacks. (AC +1, EV +1)))
((You are camouflaged near water. (Stealth+)))
You have tentacles for arms and can constrict up to eight enemies at once.


Message History

Aim: a white very ugly thing (moderately wounded, 74% to hit)
You feel a surge of power!
The bolt of magma hits the white very ugly thing!!
The white very ugly thing is severely wounded.
Unknown command.
Casting: Bolt of Magma (mildly dangerous; 1% risk of failure)
Confirm with . or Enter, or press ? or * to list all spells.
Aiming: Sticky Flame (safe; 1% risk of failure)
Press: ? - help, Shift-Dir - straight line, f/p - white very ugly thing
Aim: a white very ugly thing (heavily wounded, 100% to hit)
You feel a surge of power!
The sticky flame hits the white very ugly thing but does no damage.
The white very ugly thing is heavily wounded.
The white very ugly thing is covered in liquid flames!
The white very ugly thing burns!
The white very ugly thing headbutts you!
The white very ugly thing freezes you!!!
Casting: Sticky Flame (safe; 1% risk of failure)
Confirm with . or Enter, or press ? or * to list all spells.
You turn into a living statue of rough stone.
The white very ugly thing burns!
The white very ugly thing completely misses you.
Casting: Statue Form (dangerous; 2% risk of failure)
Confirm with . or Enter, or press ? or * to list all spells.
Aiming: Bolt of Magma (mildly dangerous; 1% risk of failure)
Press: ? - help, Shift-Dir - straight line, f/p - white very ugly thing
Aim: a white very ugly thing (severely wounded, covered in liquid flames, 82% to hit)
You feel a surge of power!
The bolt of magma hits the white very ugly thing!!
The white very ugly thing is almost dead.
The white very ugly thing burns! x2
The white very ugly thing stops burning.
The white very ugly thing headbutts you!
The white very ugly thing freezes you!!
* * * LOW HITPOINT WARNING * * *
The white very ugly thing headbutts you.
* * * LOW HITPOINT WARNING * * *
The white very ugly thing freezes you!!
You die...
Your body crumbles into a pile of gold.

.######.###.#.....#
................#.#
.######..######...#
#### ##..# $ #..#
#..# #..# #..# #8.#
#u..# ...#.# #$##.
.. # #. #.# #. .#
.. .# .# .#


You could see a white very ugly thing.

Vanquished Creatures
  An orc warlord (Orc:2)
  Snorg (Lair:6)
  A fire dragon (Lair:6)
  Fannar (D:11)
  Harold (D:7)
  A boulder beetle (Lair:5)
  14 hydras
  3 death yaks (Lair:5)
  5 two-headed ogres
  Urug (D:11)
  3 orc high priests (Orc:2)
  The ghost of othur the Thaumaturge, a novice GnWn of Qazlal (D:7)
  A fire crab (D:12)
  A swamp dragon (Lair:6)
  A deep elf archer (Volcano)
  A necromancer (IceCv)
  2 orc knights
  A wolf spider (Lair:6)
  7 deep elf pyromancers (Volcano)
  An oklob plant (Lair:5)
  5 orc sorcerers
  8 ugly things
  3 cyclopes
  12 elephants
  An ice statue (IceCv)
  A guardian serpent (Lair:6)
  Joseph (D:10)
  13 black mambas
  2 molten gargoyles (Lair:5)
  2 torpor snails (Lair:5)
  11 cane toads
  A kobold demonologist (D:12)
  An unseen horror (D:12)
  4 freezing wraiths (IceCv)
  6 rime drakes
  12 ice devils (IceCv)
  An anaconda simulacrum (IceCv)
  3 entropy weaver simulacra (IceCv)
  10 komodo dragons
  3 meliai (D:12)
  A polar bear (Lair:1)
  A queen bee (D:12)
  13 trolls
  3 hornets
  A meliai zombie (D:7)
  16 blink frogs
  2 slime creatures (D:12)
  13 dream sheep
  3 centaur simulacra (D:12)
  2 shadows
  10 wyverns
  2 redbacks (Lair:6)
  51 yaks
  2 wraiths (D:10)
  A vampire (D:10)
  Grum (D:8)
  7 fire elementals (Volcano)
  6 basilisks
  6 death yak simulacra
  4 steam dragons
  5 vampire mosquitoes
  A naga (Lair:4)
  Menkaure (D:6)
  A harpy simulacrum (IceCv)
  Edmund (D:4)
  7 wargs
  7 acid dragons
  29 water moccasins
  4 hell hounds (Volcano)
  Duvessa (D:5)
  2 black bears
  A swamp drake (Lair:6)
  An ice beast (D:7)
  34 orc warriors
  7 ogres
  2 necrophages
  12 wolves
  2 centaurs
  2 kobold brigands
  17 bullfrogs
  2 gnoll sergeants
  7 cane toad simulacra
  A scorpion (D:6)
  A two-headed ogre simulacrum (IceCv)
  20 killer bees
  A water moccasin skeleton (D:6)
  Dowan (D:5)
  2 jellies
  3 elephant simulacra
  9 howler monkeys
  3 wights (D:6)
  2 electric eels (D:10)
  5 lava snakes (Lair:5)
  8 centaur zombies
  Crazy Yiuf (D:7)
  14 orc priests
  2 centaur skeletons
  6 hounds
  A gnoll shaman (D:10)
  5 iguanas
  A scorpion zombie (D:5)
  21 orc wizards
  4 troll simulacra
  7 polar bear simulacra
  A statue (D:8)
  2 spriggan simulacra
  2 wolf simulacra (IceCv)
  A howler monkey zombie (D:10)
  Robin (D:2)
  10 gnolls
  6 adders
  2 howler monkey skeletons
  A shadow imp (D:6)
  3 white imps
  2 ufetubi
  2 adder skeletons (D:4)
  2 worms
  3 dart slugs
  85 orcs
  7 ball pythons
  12 endoplasms
  6 giant cockroaches
  13 goblins
  8 hobgoblins
  12 jackals
  17 kobolds
  5 quokkas
  3 bats
  4 frilled lizards
  5 rats
772 creatures vanquished.

Vanquished Creatures (collateral kills)
  4 foxfires
4 creatures vanquished.

Vanquished Creatures (others)
  A bush (Lair:2)
  596 foxfires
  55 fungi
  118 plants
770 creatures vanquished.

Grand Total: 1546 creatures vanquished

Notes
Turn   | Place    | Note
-------+----------+-------------------------------------------
     0 | D:1      | Turgor the Octopode Fire Elementalist began the quest for
                  | the Orb.
     0 | D:1      | Reached XP level 1. HP: 11/11 MP: 3/3
   262 | D:1      | Reached XP level 2. HP: 17/17 MP: 1/5
   614 | D:1      | Reached XP level 3. HP: 21/21 MP: 4/6
   749 | D:1      | Found a faded altar of an unknown god.
  1160 | D:1      | Learned a level 3 spell: Conjure Flame
  1567 | D:2      | Noticed Robin
  1632 | D:2      | Reached XP level 4. HP: 27/27 MP: 5/8
  1647 | D:2      | Learned a level 4 spell: Sticky Flame
  2451 | D:3      | Reached XP level 5. HP: 11/31 MP: 2/9
  3197 | D:2      | Killed Robin
  3420 | D:4      | Noticed Edmund
  3568 | D:4      | Identified the +9 trident "Vimo" {venom, Will+ MP+9 Str+4}
  3697 | D:4      | Noticed a necrophage
  3882 | D:4      | Reached XP level 6. HP: 31/36 MP: 11/11
  3920 | D:4      | Found a shimmering blue altar of Sif Muna.
  4313 | D:4      | Killed a necrophage
  4314 | D:4      | Reached skill level 5 in Fire Magic
  4314 | D:4      | Reached XP level 7. HP: 41/41 MP: 13/13
  4320 | D:4      | Learned a level 5 spell: Fireball
  4511 | D:5      | Entered Level 5 of the Dungeon
  4511 | D:5      | Found Dan Aroo's Magic Scroll Shoppe.
  4514 | D:5      | Bought a scroll of magic mapping for 45 gold pieces
  4716 | D:5      | Found an iron altar of Okawaru.
  4825 | D:5      | Noticed Dowan
  5349 | D:5      | Killed Dowan
  5350 | D:5      | Reached skill level 1 in Fighting
  5350 | D:5      | Reached skill level 5 in Conjurations
  5350 | D:5      | Reached XP level 8. HP: 36/48 MP: 15/15
  5477 | D:6      | Reached skill level 5 in Spellcasting
  6646 | D:6      | Found a broken altar of Ashenzari.
  6649 | D:6      | Noticed Menkaure
  6653 | D:6      | Killed Menkaure
  6654 | D:6      | Reached skill level 1 in Polearms
  6656 | D:6      | Saw a vision of the Swamp and the Snake Pit.
  6656 | D:6      | Noticed a salamander
  6656 | D:6      | Noticed a will-o-the-wisp
  6656 | D:6      | Noticed a black mamba
  6656 | D:6      | Noticed a black mamba
  6656 | D:6      | Noticed a black mamba
  6656 | D:6      | Noticed a mana viper
  6656 | D:6      | Noticed an alligator
  6659 | D:6      | Noticed a black mamba
  6874 | D:7      | Found a runed translucent door.
  6884 | D:7      | Reached XP level 9. HP: 48/55 MP: 17/17
  6932 | D:7      | Noticed othur's ghost (novice GnWn)
  6953 | D:7      | Noticed Harold
  7060 | D:5      | Noticed Duvessa
  7066 | D:5      | Killed Duvessa
  7404 | D:4      | Killed Edmund
  7589 | D:7      | Noticed a hornet
  7596 | D:7      | Killed a hornet
  7726 | D:7      | Found a staircase to the Ecumenical Temple.
  7733 | Temple   | Entered the Ecumenical Temple
  7814 | Temple   | Became a worshipper of Gozag Ym Sagoz the Greedy
  8411 | D:7      | Found a runed translucent door.
  8412 | D:7      | Noticed Crazy Yiuf
  8417 | D:7      | Killed Crazy Yiuf
  8654 | D:8      | Learned a level 3 spell: Mephitic Cloud
  8660 | D:8      | Learned a level 5 spell: Bolt of Magma
  8814 | D:8      | Found Dakilu's Magic Scroll Boutique.
  8818 | D:8      | Found Lejuty's Antique Weapon Emporium.
  8822 | D:8      | Bought a scroll of teleportation for 39 gold pieces
  8822 | D:8      | Bought a scroll of identify for 26 gold pieces
  8822 | D:8      | Bought a scroll of fog for 26 gold pieces
  8822 | D:8      | Bought a scroll of teleportation for 39 gold pieces
  8912 | D:8      | Noticed Grum
  9023 | D:8      | Killed Grum
  9026 | D:8      | Reached XP level 10. HP: 63/63 MP: 11/20
  9292 | D:8      | Found a radiant altar of Vehumet.
  9388 | D:8      | Found a snail-covered altar of Cheibriados.
  9713 | D:9      | Found Qottir's General Store.
  9820 | D:9      | Noticed a two-headed ogre
  9829 | D:9      | Killed a two-headed ogre
  9924 | D:9      | Found a staircase to the Orcish Mines.
  9933 | D:9      | Found a glowing golden altar of the Shining One.
 10211 | D:9      | Found a shadowy altar of Dithmenos.
 10211 | D:9      | Found a hide-covered altar of Uskayaw.
 10211 | D:9      | Found a glowing silver altar of Zin.
 10661 | D:7      | Killed Harold
 10952 | D:10     | Entered Level 10 of the Dungeon
 11182 | D:10     | Reached skill level 1 in Earth Magic
 11329 | D:10     | Reached skill level 5 in Fighting
 11329 | D:10     | Reached XP level 11. HP: 71/71 MP: 19/23
 11937 | D:10     | Noticed a two-headed ogre
 11945 | D:10     | Killed a two-headed ogre
 11990 | D:10     | Noticed a cyan ugly thing
 12251 | D:10     | Killed a cyan ugly thing
 12368 | D:10     | Found a shimmering altar of Xom.
 12434 | D:10     | Noticed Joseph
 12445 | D:10     | Killed Joseph
 12446 | D:10     | Reached skill level 5 in Polearms
 12924 | D:9      | Learned a level 4 spell: Petrify
 13039 | D:10     | Noticed a two-headed ogre
 13354 | D:10     | Noticed a two-headed ogre
 13357 | D:10     | Killed a two-headed ogre
 13358 | D:10     | Reached skill level 1 in Transmutations
 13367 | D:10     | Noticed a four-headed hydra
 13375 | D:10     | Killed a four-headed hydra
 13376 | D:10     | Reached skill level 10 in Fire Magic
 13395 | D:10     | Reached XP level 12. HP: 78/78 MP: 7/25
 13699 | D:10     | Noticed a five-headed hydra
 13792 | D:10     | Killed a two-headed ogre
 14127 | D:10     | Killed a five-headed hydra
 14128 | D:10     | Reached skill level 5 in Earth Magic
 14325 | D:10     | Found a staircase to the Lair.
 14514 | D:10     | Found an ancient bone altar of Kikubaaqudgha.
 15466 | D:11     | Noticed Urug
 15552 | D:11     | Noticed Fannar
 16240 | D:12     | Reached skill level 10 in Conjurations
 16360 | D:12     | Found a frozen archway.
 16774 | IceCv    | Entered an ice cave
 17639 | IceCv    | Found an ancient bone altar of Kikubaaqudgha.
 17747 | IceCv    | Reached skill level 10 in Spellcasting
 17747 | IceCv    | Reached skill level 5 in Transmutations
 17752 | IceCv    | Reached XP level 13. HP: 85/85 MP: 10/27
 17863 | IceCv    | Learned a level 6 spell: Statue Form
 19939 | D:11     | Bought a ring of poison resistance for 260 gold pieces
 19939 | D:11     | Bought the ring of Seriol {Wiz rElec rN+ Str+2 Dex-5} for
                  | 544 gold pieces
 19944 | D:11     | Bought an amulet of magic regeneration for 390 gold pieces
 20514 | D:12     | HP: 4/86 [red ugly thing (19)]
 20781 | Lair:1   | Entered Level 1 of the Lair of Beasts
 21128 | Lair:1   | Noticed Iclil's ghost (journeyman NaBe)
 21162 | Lair:1   | Found a transporter.
 21166 | Lair:1   | Found a bloodstained altar of Trog.
 21212 | Lair:1   | Found a transporter.
 22165 | Lair:2   | Noticed Gastronok
 22732 | Lair:2   | Reached XP level 14. HP: 93/93 MP: 28/28
 24046 | Lair:3   | Found a staircase to the Swamp.
 25091 | Lair:4   | Found a staircase to the Snake Pit.
 27716 | Lair:5   | Reached skill level 10 in Earth Magic
 28042 | Lair:6   | Entered Level 6 of the Lair of Beasts
 28601 | Lair:6   | Reached XP level 15. HP: 100/100 MP: 21/30
 28692 | Lair:6   | Noticed Snorg
 28702 | Lair:6   | Killed Snorg
 30426 | Lair:6   | Found a staircase to the Slime Pits.
 30427 | Lair:6   | Found a viscous altar of Jiyva.
 31250 | Orc:1    | Entered Level 1 of the Orcish Mines
 31263 | Orc:1    | Found a dark tunnel.
 31273 | Orc:1    | Learned a level 5 spell: Borgnjor's Vile Clutch
 31274 | Volcano  | Entered a volcano
 31502 | Volcano  | Reached skill level 1 in Necromancy
 31865 | Orc:1    | Found Papannu's CLEARANCE SALE! EVERYTHING MUST GO!.
 32067 | Orc:1    | Bought 2 potions of brilliance for 64 gold pieces
 32135 | Orc:1    | Found a bloodstained altar of Trog.
 32218 | Orc:2    | Entered Level 2 of the Orcish Mines
 32447 | Orc:2    | Found Bobin's Jewellery Shoppe.
 32877 | Orc:2    | Found a staircase to the Elven Halls.
 32998 | Orc:2    | Found Adec's Antique Weapon Shop.
 33091 | Orc:2    | Bought a shimmering hand axe for 280 gold pieces
 33091 | Orc:2    | Identified the +11 hand axe of Painful Death {flame, rC+}
                  | (You bought it in a shop on level 2 of the Orcish Mines)
 33091 | Orc:2    | Bought a masterwork dagger for 245 gold pieces
 33091 | Orc:2    | Identified the +7 dagger "Egg" {vorpal, Dex+2} (You bought
                  | it in a shop on level 2 of the Orcish Mines)
 33189 | Orc:2    | Noticed an orc warlord
 33255 | Orc:2    | Reached XP level 16. HP: 108/108 MP: 10/31
 33503 | Orc:2    | Found Lorexes's Antique Armour Emporium.
 33519 | Orc:2    | Found Mitsets's General Store.
 33561 | Orc:2    | Bought a potion of magic for 144 gold pieces
 33561 | Orc:2    | Bought a scroll of identify for 36 gold pieces
 33561 | Orc:2    | Bought a scroll of identify for 36 gold pieces
 33864 | D:7      | Killed othur's ghost
 33996 | D:11     | Killed Fannar
 34071 | D:11     | Killed Urug
 34275 | D:12     | Reached skill level 5 in Stealth
 34709 | D:12     | Identified the +8 plate armour "Fuoshraech" {Will+}
 35233 | D:13     | HP: 6/140 [white very ugly thing (6)]
 35233 | D:13     | Annihilated by a white very ugly thing

Illustrated notes

Levels and vault maps discovered:
D:1:      evilmike_arrival_crescent, layout_basic,
          shapermc_ecumenical_altar_mp_urbaneastern
D:2:      layout_rooms, uniq_robin
D:3:      layout_loops_ring
D:4:      layout_gridville, overflow_temple_1_default, minmay_three_crescents,
          uniq_edmund
D:5:      layout_loops_ring, amcnicky_altar_gilded, nicolae_stop_n_shop_1,
          uniq_duvessa
D:6:      layout_loops_corners, grunt_ashenzari_visionary
          [grunt_ashenzari_visionary_swamp, grunt_ashenzari_visionary_snake],
          uniq_menkaure
D:7:      layout_basic, minmay_temple_entry_nine_rooms,
          ebering_ghost_reflecting_pool, uniq_harold, uniq_crazy_yiuf_cottage
D:8:      layout_loops_ring, vehumet_statue, cheibriados_altar_1,
          small_statue_intersection, nicolae_wooded_promenade,
          minmay_diced_spiral, uniq_grum
D:9:      layout_roguey, gammafunk_temple_overflow_forgotten, tso_altar,
          minmay_orc_entry_guard_dogs, serial_shops, shop
D:10:     minmay_quarter_circles, layout_loops_ring,
          nicolae_kikubaaqudgha_miasma_corner, mainiacjoe_overflow_brackets,
          lair_entry_dummy, minmay_crystal_water, uniq_joseph
D:11:     layout_roguey, special_room [special_room_orc], uniq_urug, uniq_fannar
D:12:     cheibrodos_ideogram_h, layout_long_grid, special_room
          [special_room_bee], serial_ice, serial_ice_l, serial_ice_n,
          serial_ice_g, serial_ice_o, portal_ice_cave_entry_ice_simulacra,
          minmay_misc_feat_x
D:13:     layout_loops_ring, erik_vaults_1, minmay_hollow_rounded_squares
Temple:   kb_corrupted_temple
Lair:1:   layout_loops_ring, gammafunk_ghost_wrathful_warriors, minmay_holes
Lair:2:   layout_chaotic_city, serial_bayou_crossing, uniq_gastronok
Lair:3:   layout_roguey, swamp_mist, lemuel_another_geyser, lemuel_fruit_fields
Lair:4:   layout_cave_pods, guppyfry_snake_entry_island,
          infiniplex_staircase_pool, serial_bayou_shore_a
Lair:5:   cheibrodos_magma_flow, layout_regular_city, minivault_11,
          minmay_lair_oklob_items, minmay_shattered_shrine
Lair:6:   hangedman_lair_tendril_chambers, layout_cave_pods,
          guppyfry_lair_end_dragon, slime_altar_1, st_stairs_11, uniq_snorg
Orc:1:    layout_caves, enter_volcano_1, basic_altar, nicolae_shop_clearance
Orc:2:    grunt_orc_gardens, layout_diamond_mine, grunt_orc_garden,
          grunt_orc_garden, grunt_orc_garden, grunt_orc_garden, basic_altar

Skill      XL: |  1  2  3  4  5  6  7  8  9 10 11 12 13 14 15 16 |
---------------+-------------------------------------------------+-----
Conjurations   | 2 3 4 5 6 7 8 9 10 11 12 | 12.2
Spellcasting   | 3 4 5 7 8 9 10 11 | 11.8
Fire Magic     | 4 5 6 7 9 10 11 12 | 12.4
Fighting       | 1 2 3 5 6 7 8 9 |  9.4
Polearms       | 1 3 4 5 6 7 |  7.1
Earth Magic    | 1 4 6 8 10 11 | 11.4
Transmutations | 1 5 7 8 9 |  9.9
Stealth        | 4 5 |  5.2
Necromancy     | 2 |  2.9
Dodging        | |  2.0

Action                   |  1- 3 |  4- 6 |  7- 9 | 10-12 | 13-15 | 16-18 || total
-------------------------+-------+-------+-------+-------+-------+-------++-------
Melee: Unarmed           |     1 |       |       |       |       |       ||     1
       Dagger            |     6 |    13 |       |       |       |       ||    19
       Tentacles         |     1 |     3 |     7 |    11 |    62 |     4 ||    88
       Constrict         |     1 |     9 |     5 |     9 |    58 |     5 ||    87
       Trident           |       |    13 |    98 |   156 |   405 |    26 ||   698
Throw: Stone             |       |     1 |       |       |     5 |       ||     6
       Dart              |       |       |    10 |    31 |    55 |       ||    96
 Cast: Foxfire           |    71 |   116 |   121 |    31 |    20 |       ||   359
       Conjure Flame     |       |       |    20 |    31 |     1 |       ||    52
       Fireball          |       |       |     9 |   135 |   182 |    21 ||   347
       Sticky Flame      |       |       |     4 |    14 |    22 |     4 ||    44
       Mephitic Cloud    |       |       |       |     2 |     1 |       ||     3
       Bolt of Magma     |       |       |       |    42 |   239 |    30 ||   311
       Petrify           |       |       |       |       |   110 |     2 ||   112
       Statue Form       |       |       |       |       |    45 |    10 ||    55
Invok: Call Merchant     |       |       |       |       |     2 |       ||     2
 Abil: End Transformatio |       |       |       |       |     3 |     1 ||     4
Evoke: Wand              |       |       |       |     1 |       |       ||     1
  Use: Potion            |       |     2 |     1 |     2 |     2 |       ||     7
       Scroll            |       |     4 |     5 |     2 |     7 |     5 ||    23
 Stab: Sleeping          |       |     5 |       |       |     2 |       ||     7
       Distracted        |       |       |       |     2 |       |       ||     2
       Petrified         |       |       |       |       |   181 |     5 ||   186
       Petrifying        |       |       |       |       |    14 |     1 ||    15
Armor: Skin              |     3 |     2 |     1 |     4 |    98 |    17 ||   125
Dodge: Dodged            |    16 |    31 |    31 |    36 |   131 |    16 ||   261
